 Dungeon Crawl Stone Soup version 0.31-a0-234-gad7ace16ef (webtiles) character file.

Game seed: 15952737870454716398

280 qw the Shooter (level 6, -1/37 HPs)
             Began as a Gargoyle Hexslinger on July 9, 2023.
             Slain by Pikel
             ... wielding a +2 whip of freezing
              (4 damage)
             ... on level 4 of the Dungeon.
             The game lasted 00:01:05 (2892 turns).

qw the Shooter (Gargoyle Hexslinger)                Turns: 2892, Time: 00:01:05

Health: -1/37      AC: 11    Str: 12    XL:     6   Next: 27%
Magic:  7/7        EV: 10    Int: 13    God:
Gold:   185        SH:  0    Dex: 14    Spells: 6/7 levels left

rFire   . . .        Y - +1 sling
rCold   . . .        (no shield)
rNeg    + . .        d - +0 ring mail
rPois   inf          (no helmet)
rElec   +            g - +1 cloak
rCorr   .            (no gloves)
SInv    .            (no boots)
Will    .....        (no amulet)
Stlth   +            (no ring)
HPRegen 0.26/turn    (no ring)
MPRegen 0.10/turn

%: no passive effects
@: no status effects
A: sickness immunity, AC +4, negative energy resistance 1, electricity
resistance, torment resistance 1, petrification resistance
a: no special abilities


You were on level 4 of the Dungeon.
You visited 1 branch of the dungeon, and saw 4 of its levels.

You collected 185 gold pieces.


Innate Abilities, Weirdness & Mutations

You are immune to sickness and miasma.
Your stone body is resilient. (AC +4)
You are immune to poison.
You resist negative energy. (rN+)
You are resistant to electric shocks. (rElec)
You are resistant to unholy torment.
You are immune to petrification.


   Skills:
 - Level 3.2 Fighting
 + Level 5.3 Ranged Weapons
 - Level 1.9 Armour
 - Level 1.5 Dodging
 - Level 1.0 Spellcasting
 - Level 2.6 Hexes


You had 6 spell levels left.
You knew the following spells:

 Your Spells              Type           Power      Damage    Failure   Level
a - Slow                  Hex            28%        N/A       21%         1

Your spell library contained the following spells:

 Spells                   Type           Power      Damage    Failure   Level
 Inner Flame              Hex/Fire       4%         N/A       71%         3
 Portal Projectile        Hex/Tloc       8%         N/A       71%         3
 Cause Fear               Hex            3%         N/A       90%         4

Inventory:

Hand Weapons
 Y - a +1 sling (weapon)
Armour
 d - a +0 ring mail (worn)
 g - a +1 cloak (worn)
Jewellery
 m - an amulet of regeneration
Scrolls
 b - 2 scrolls of identify
 n - 2 scrolls of noise {unknown}
Potions
 a - a potion of invisibility {unknown}
 c - 3 potions of lignification {unknown}
 e - 2 potions of heal wounds {unknown}
 f - a potion of enlightenment {unknown}
 h - a potion of attraction {unknown}
 i - a potion of might {unknown}
 j - a potion of curing
 k - a potion of brilliance {unknown}
 l - a potion of resistance {unknown}

Dungeon Overview and Level Annotations

Branches:
Dungeon (4/15)
 Temple: D:4-7

Altars:
Uskayaw
The Shining One

Annotations:
D:4 Pikel


Message History

You shoot a sling bullet.
The sling bullet barely misses the lemure.
The lemure barely misses you. The lemure hits you.
The lemure hits you but does no damage.
You shoot a sling bullet.
The sling bullet barely misses the lemure.
The lemure hits you but does no damage. The lemure barely misses you.
You shoot a sling bullet.
The sling bullet hits Pikel but does no damage.
The lemure hits you. The lemure hits you!
Pikel hits you with a +2 whip of freezing.
Pikel freezes you. The lemure hits you but does no damage.
You shoot a sling bullet.
The sling bullet hits Pikel but does no damage.
The lemure closely misses you. The lemure completely misses you.
Pikel hits you but does no damage. The lemure barely misses you.
You shoot a sling bullet. The sling bullet barely misses Pikel.
The sling bullet hits the lemure.
The lemure is lightly wounded.
The lemure hits you. The lemure hits you! Pikel misses you.
The lemure hits you.
The lemure hits you but does no damage. x3; Pikel hits you but does no damage.
You shoot a sling bullet. The sling bullet closely misses Pikel.
The sling bullet hits the lemure.
The lemure is moderately wounded.
The lemure hits you but does no damage. The lemure completely misses you.
Pikel closely misses you. The lemure hits you but does no damage.
You shoot a sling bullet. The sling bullet barely misses Pikel.
The sling bullet hits the lemure but does no damage.
The lemure is moderately wounded.
The lemure hits you but does no damage. x2; Pikel hits you but does no damage.
The lemure hits you but does no damage.
You shoot a sling bullet.
The sling bullet hits Pikel but does no damage.
The lemure hits you but does no damage. x2; Pikel barely misses you.
The lemure hits you but does no damage.
You shoot a sling bullet. The sling bullet closely misses Pikel.
The sling bullet closely misses the lemure.
The lemure barely misses you. The lemure hits you.
Pikel hits you with a +2 whip of freezing.
You die...

.# ###.....# .#
#.###.# ##
#...#.##
###....#
#....########
#####.#...#....#
#...#.###.#....#
#._.#.....#5...#
#....#####@K5[.#
# ######
#..55....# .
#.):...<.# #
########.# #


You could see Pikel and 4 lemures.

Vanquished Creatures
  A black bear (D:4)
  Blork the orc (D:4)
  An orc priest (D:3)
  3 adders
  4 dart slugs
  4 orcs (D:3)
  9 ball pythons
  3 bats
  4 endoplasms
  A giant cockroach (D:1)
  3 goblins
  7 hobgoblins
  3 kobolds (D:2)
  3 quokkas
  2 frilled lizards
  4 rats
53 creatures vanquished.

Notes
Turn   | Place    | Note
-------+----------+-------------------------------------------
     0 | D:1      | qw the Gargoyle Hexslinger began the quest for the Orb.
     0 | D:1      | Reached XP level 1. HP: 12/12 MP: 2/2
     0 | D:1      | 0 ||| qw: Version: 0.3-a-51-g015441d
     0 | D:1      | 0 ||| qw: Game counter: 4232
     0 | D:1      | 0 ||| qw: Melee chars always use a shield: true
     0 | D:1      | 0 ||| qw: God list: Okawaru
     0 | D:1      | 0 ||| qw: Allow faded altars: false
     0 | D:1      | 0 ||| qw: Do Orc after clearing Dungeon:15 true
     0 | D:1      | 0 ||| qw: Do second Lair branch before Depths: true
     0 | D:1      | 0 ||| qw: Lair rune preference: random
     0 | D:1      | 0 ||| qw: Goals: Normal
     0 | D:1      | 0 ||| PLANNING D:1-11
   133 | D:1      | Reached XP level 2. HP: 16/16 MP: 3/3
   280 | D:1      | Reached skill level 3 in Ranged Weapons
   555 | D:1      | Reached XP level 3. HP: 21/21 MP: 4/4
   921 | D:1      | 921 ||| UPGRADING to +0 ring mail.
   931 | D:1      | 931 ||| DROPPING +0 robe.
   932 | D:1      | 932 ||| READING scroll labelled PAH IWUDDO.
   933 | D:1      | 933 ||| READING 2 scrolls labelled LEIWIE XUAGA.
   949 | D:1      | 949 ||| READING scroll labelled ZOOZEA LETYPLU.
   950 | D:1      | 950 ||| DROPPING scroll of poison.
   951 | D:1      | 951 ||| DROPPING scroll of torment.
  1380 | D:2      | 1380 ||| READING scroll labelled LOHUMM WESE.
  1381 | D:2      | 1381 ||| DRINKING 2 puce potions.
  1481 | D:3      | Reached XP level 4. HP: 26/26 MP: 5/5
  1651 | D:3      | Reached skill level 4 in Ranged Weapons
  1699 | D:3      | HP: 1/26 [orc priest/divine providence (9)]
  1701 | D:3      | Reached skill level 1 in Armour
  1711 | D:3      | 1711 ||| FLEEEEING.
  1712 | D:3      | 1712 ||| FLEEEEING.
  1713 | D:3      | 1713 ||| FLEEEEING.
  1724 | D:3      | 1724 ||| FLEEEEING.
  1725 | D:3      | 1725 ||| FLEEEEING.
  1726 | D:3      | 1726 ||| STAIRDANCE
  1802 | D:2      | 1802 ||| UPGRADING to +0 cloak.
  1807 | D:2      | 1807 ||| READING scroll of enchant armour.
  1807 | D:2      | 1807 ||| ENCHANTING +0 cloak.
  1808 | D:2      | 1808 ||| READING scroll labelled CISTUG ITAD.
  2152 | D:3      | Reached XP level 5. HP: 30/30 MP: 6/6
  2366 | D:4      | 2366 ||| PLANNING SEWER
  2382 | D:4      | Noticed a black bear
  2399 | D:4      | Killed a black bear
  2400 | D:4      | Reached skill level 5 in Ranged Weapons
  2625 | D:4      | Noticed Blork the orc
  2638 | D:4      | Killed Blork the orc
  2639 | D:4      | Reached skill level 3 in Fighting
  2639 | D:4      | Reached XP level 6. HP: 17/37 MP: 7/7
  2848 | D:4      | Found a glowing golden altar of the Shining One.
  2876 | D:4      | Found a hide-covered altar of Uskayaw.
  2883 | D:4      | Noticed Pikel
  2888 | D:4      | HP: 4/37 [lemure[Pikel] (6)]
  2892 | D:4      | Slain by Pikel

Levels and vault maps discovered:
D:1:      evilmike_arrival_fibonacci_small, layout_basic
D:2:      layout_rooms
D:3:      layout_basic
D:4:      layout_loops_ring, kiku_gazebo_garden_becter,
          overflow_temple_1_default, mainiacjoe_overflow_swirl,
          mainiacjoe_overflow_big_doors, portal_sewer_entry_d, uniq_pikel,
          uniq_ijyb, uniq_blork_the_orc

Skill      XL: |  1  2  3  4  5 |
---------------+----------------+-----
Ranged Weapons | 3 4 5 |  5.3
Fighting       | 2 3 |  3.2
Armour         | 1 |  1.9
Dodging        | |  1.5
Spellcasting   | |  1.0
Hexes          | |  2.6

Action                     |  1- 3 |  4- 6 || total
---------------------------+-------+-------++-------
   Fire: Sling             |   134 |   127 ||   261
    Use: Scroll            |     4 |     2 ||     6
         Potion            |     1 |       ||     1
 Armour: Robe              |     8 |       ||     8
         Ring mail         |    39 |    76 ||   115
  Dodge: Dodged            |    71 |    56 ||   127

Table legend:
 A = Non-vault XP
 B = Vault XP
 C = Vault XP percentage of total XP
 D = Non-vault monster count
 E = Vault monster count
 F = Vault count percentage of total count
                 A         B        C        D         E       F
            +---------+---------+-------+---------+---------+-------
      Total |     306 |      94 |  23.5 |      52 |       1 |   1.9
            +---------+---------+-------+---------+---------+-------
        D:1 |      38 |       0 |   0.0 |      20 |       0 |   0.0
        D:2 |      28 |       0 |   0.0 |      11 |       0 |   0.0
        D:3 |     108 |       0 |   0.0 |      18 |       0 |   0.0
        D:4 |     132 |      94 |  41.6 |       3 |       1 |  25.0
            +---------+---------+-------+---------+---------+-------
